 Dungeon Crawl Stone Soup version 0.24-a0-613-g1ff6aac338 (webtiles) character file.

Game seed: 6831545619999910307, levelgen mode: deterministic

3253 Htamos the Cleaver (level 10, 0/97 HPs)
             Began as a Hill Orc Fighter on Sept 12, 2019.
             Was a Follower of Beogh.
             Slain by an orc warrior
             ... wielding a +0 halberd
              (12 damage)
             ... in a bailey.
             The game lasted 00:11:44 (8281 turns).

Htamos the Cleaver (Hill Orc Fighter)               Turns: 8281, Time: 00:11:45

Health: 0/97       AC:  9    Str: 23    XL:     10   Next: 0%
Magic:  10/10      EV:  5    Int:  8    God:    Beogh [*.....]
Gold:   251        SH: 10    Dex: 10    Spells: 9/9 levels left

rFire    + . .     SeeInvis .   a - +1 war axe
rCold    + . .     Gourm    .   c - +1 shield
rNeg     . . .     Faith    .   i - +0 chain mail
rPois    .         Spirit   .   (no helmet)
rElec    .         Reflect  .   p - scarf {rC+ rF+}
rCorr    .         Harm     .   (no gloves)
MR       .....                  (no boots)
Stlth    ..........             (no amulet)
HPRegen  0.26/turn              (no ring)
MPRegen  0.12/turn              (no ring)

@: no status effects
A: no striking features
a: Renounce Religion


You were in a bailey.
You worshipped Beogh.
Beogh was aware of your devotion.
You were not hungry.

You visited 1 branch of the dungeon, and saw 8 of its levels.
You also visited: Ossuary and Bailey.

You collected 305 gold pieces.
You spent 54 gold pieces at shops.

Inventory:

Hand Weapons
 a - a +1 war axe (weapon)
Armour
 b - a +0 scale mail
 c - a +1 shield (worn)
 i - a +0 chain mail (worn)
 p - a scarf of resistance (worn)
 z - the cursed +1 leather armour "Ucunen" {rN+ Stlth+, unknown}
   (You found it on level 7 of the Dungeon)

   It protects you from negative energy.
   It makes you more stealthy.
   It has a curse placed upon it.
Jewellery
 v - a cursed -4 ring of evasion {unknown}
 w - a cursed amulet of inaccuracy {unknown}
Scrolls
 j - a scroll of enchant weapon
 m - a scroll of remove curse
 q - a scroll of fear
 r - 4 scrolls of fog
 x - 3 scrolls of teleportation
 y - a scroll of enchant armour
 A - a scroll of identify {@rr}
Potions
 d - a potion of brilliance
 e - 2 potions of haste
 g - a potion of might
 h - a potion of ambrosia {unknown}
 k - a potion of heal wounds
 l - 5 potions of curing {@qc}
 o - a potion of degeneration {unknown}
 s - a potion of agility {unknown}
 t - a potion of flight
 B - a potion of cancellation
Comestibles
 f - 12 rations


   Skills:
 + Level 11.8 Fighting
 + Level 12.4 Axes
 - Level 3.5 Armour
 - Level 3.5 Shields


You had 9 spell levels left.
You didn't know any spells.
Your spell library was empty.

Dungeon Overview and Level Annotations

Branches:
Dungeon (8/15)             Temple (0/1) D:6         Ossuary (visited)
 Bailey (1/1)
   Lair: D:8-11

Altars:
Cheibriados
Elyvilon
Kikubaaqudgha
Okawaru
Qazlal
Ru
Sif Muna
Trog
Uskayaw
Vehumet
Yredelemnul

Shops:
D:4 :*(


Message History

You slash the orc warrior!
The orc warrior is heavily wounded.
You hit the orc warrior.
You hear a shout! x2
The orc warrior hits you with a +0 halberd!!
The orc warrior hits you with a +0 halberd!
An orc warrior comes into view. It is wielding a +0 halberd.
You hit the orc warrior but do no damage.
The orc warrior is heavily wounded.
You hit the orc warrior.
The orc warrior hits you from afar with a +0 halberd!
* * * LOW HITPOINT WARNING * * *
The orc warrior hits you with a +0 halberd!
* * * LOW HITPOINT WARNING * * *
The orc warrior hits you but does no damage.
The orc warrior hits you from afar with a +0 halberd!
* * * LOW HITPOINT WARNING * * *
The orc warrior hits you from afar with a +0 halberd!
You die...
Beogh appreciates the orc warrior's killing of a heretic priest.

#### ##∩## ####
....##...##..o.
≈≈≈..#...#..≈≈≈
≈o≈≈.......≈≈o≈
o≈.......≈o
..§§§§.


#ooo# #§§§# ##@## ### You could see 3 orc warriors.

Vanquished Creatures
  The ghost of MirrMurr the Nimble, a novice SpEn of Dithmenos (D:6)
  A spriggan (D:8)
  Sigmund (D:4)
  Menkaure (D:4)
  A black bear (D:7)
  An ice beast (D:7)
  A sky beast (D:8)
  A necrophage (D:8)
  3 ogres
  3 centaurs
  A bullfrog (D:6)
  A gnoll sergeant (D:7)
  A water moccasin skeleton (D:6)
  3 wights (D:7)
  2 crimson imps
  3 jellies
  7 hounds
  4 orc wizards
  A gnoll shaman (D:7)
  An orc priest (D:7)
  A bullfrog skeleton (D:4)
  8 worker ants
  A centaur skeleton (D:7)
  An iguana (D:8)
  8 big kobold zombies (Ossuary)
  A hound skeleton (D:7)
  A mummy (Ossuary)
  A worker ant zombie (D:6)
  13 gnolls
  4 adders
  3 oozes
  An adder skeleton (D:4)
  An adder zombie (D:8)
  2 worms
  2 dart slugs
  7 leopard geckos
  15 orcs
  5 spectral bats (Ossuary)
  A giant cockroach (D:3)
  6 gnoll zombies
  4 goblins
  7 hobgoblins
  9 jackals
  2 kobolds
  2 quokkas
  2 bats
  4 bat simulacra (Ossuary)
  3 frilled lizards
  A giant cockroach zombie (D:5)
  5 goblin simulacra (Ossuary)
  7 goblin zombies (Ossuary)
  3 hobgoblin zombies (Ossuary)
  2 jackal skeletons (D:4)
  6 kobold simulacra (Ossuary)
  3 kobold zombies (Ossuary)
  5 orc zombies (Ossuary)
  2 rats
  3 rat simulacra (Ossuary)
  6 spectral goblins (Ossuary)
  4 spectral kobolds (Ossuary)
200 creatures vanquished.

Vanquished Creatures (others)
  A hound (D:6)
  An orc (D:6)
2 creatures vanquished.

Grand Total: 202 creatures vanquished

Notes
Turn   | Place    | Note
-------+----------+-------------------------------------------
     0 | D:1      | Htamos the Hill Orc Fighter began the quest for the Orb.
     0 | D:1      | Reached XP level 1. HP: 19/19 MP: 1/1
   299 | D:1      | Reached skill level 3 in Axes
   299 | D:1      | Reached XP level 2. HP: 20/27 MP: 2/2
   842 | D:2      | Reached XP level 3. HP: 33/33 MP: 3/3
   910 | D:2      | Found a sacrificial altar of Ru.
   915 | D:2      | Found a snail-covered altar of Cheibriados.
   915 | D:2      | Found an ancient bone altar of Kikubaaqudgha.
   917 | D:2      | Found a white marble altar of Elyvilon.
   917 | D:2      | Found a bloodstained altar of Trog.
   919 | D:2      | Found a radiant altar of Vehumet.
   919 | D:2      | Found a shimmering blue altar of Sif Muna.
   920 | D:2      | Found a stormy altar of Qazlal.
  1739 | D:4      | Noticed Sigmund
  1758 | D:4      | Killed Sigmund
  1758 | D:4      | Reached skill level 5 in Fighting
  1758 | D:4      | Reached skill level 5 in Axes
  1758 | D:4      | Reached XP level 4. HP: 6/44 MP: 4/4
  1758 | D:4      | Reached XP level 5. HP: 7/50 MP: 5/5
  1763 | D:4      | Reached XP level 6. HP: 32/57 MP: 6/6
  1902 | D:4      | Found a sand-covered staircase.
  2011 | Ossuary  | Entered an ossuary
  2148 | Ossuary  | Reached skill level 6 in Axes
  2554 | Ossuary  | Reached XP level 7. HP: 60/64 MP: 7/7
  2662 | D:4      | Found Zosoat's Weapon Boutique.
  2690 | D:4      | Reached skill level 7 in Axes
  2839 | D:4      | Noticed Menkaure
  2846 | D:4      | Killed Menkaure
  3095 | D:4      | Found an iron altar of Okawaru.
  3418 | D:4      | Reached skill level 8 in Axes
  3526 | D:4      | Found Biplisod's Assorted Antiques.
  3551 | D:4      | Reached XP level 8. HP: 50/74 MP: 8/8
  3663 | D:4      | Bought a scroll labeled SUASAGIYCK for 27 gold pieces
  3663 | D:4      | Bought a scroll labeled XASTUL GAFOALI for 27 gold pieces
  4050 | D:4      | Found Ymejigi's Book Shop.
  4246 | D:5      | Entered Level 5 of the Dungeon
  4523 | D:5      | Reached skill level 9 in Axes
  5161 | D:5      | Found a basalt altar of Yredelemnul.
  5418 | D:6      | Became a worshipper of Beogh the Brigand
  5537 | D:6      | Found a hide-covered altar of Uskayaw.
  5629 | D:6      | Found a runed translucent door.
  5630 | D:6      | Noticed MirrMurr's ghost (novice SpEn)
  5662 | D:6      | Found a staircase to the Ecumenical Temple.
  6041 | D:6      | Killed MirrMurr's ghost
  6041 | D:6      | Reached skill level 10 in Fighting
  6041 | D:6      | Reached skill level 10 in Axes
  6041 | D:6      | Reached XP level 9. HP: 67/85 MP: 9/9
  6450 | D:7      | Reached skill level 11 in Axes
  6473 | D:7      | Got a translucent leather armour
  7533 | D:7      | Reached * piety under Beogh
  7838 | D:8      | Reached skill level 12 in Axes
  8230 | D:8      | Found a flagged portal.
  8264 | D:8      | Reached XP level 10. HP: 85/97 MP: 10/10
  8270 | Bailey   | Entered a bailey
  8281 | Bailey   | Slain by an orc warrior

Levels and vault maps discovered:
D:1:      lightli_arrival_flooded_house, layout_rooms
D:2:      layout_basic, grunt_temple_overflow_open
D:3:      layout_rooms
D:4:      layout_basic, lemuel_coloured_pillars_altar, serial_shops, shop,
          nicolae_shop_trees, shop, first_ration,
          lightli_ossuary_entry_decrepit_ruins, uniq_sigmund, uniq_menkaure
D:5:      layout_loops_ring, lemuel_zombie_altar_yredelemnul
D:6:      layout_basic, eat_drink_and_be_merry_uskayaw,
          minmay_temple_entry_glassed_door, ebering_ghost_sewer_d
D:7:      layout_basic
D:8:      layout_cave_pods, lightli_bailey_entry_fortress, the_bakery
Bailey:   bailey_polearm_4, bailey

Skill      XL: |  1  2  3  4  5  6  7  8  9 |
---------------+----------------------------+-----
Axes           | 3 5 6 8 10 12 | 12.4
Fighting       | 4 5 6 8 10 11 | 11.8
Armour         | |  3.5
Shields        | |  3.5

Action                   |  1- 3 |  4- 6 |  7- 9 | 10-12 || total
-------------------------+-------+-------+-------+-------++-------
Melee: War axe           |   100 |   196 |   427 |     3 ||   726
Invok: Convert to Beogh  |       |       |     1 |       ||     1
  Use: Scroll            |     5 |       |     6 |     1 ||    12
       Potion            |     3 |     1 |     7 |       ||    11
  Eat: Chunk             |     3 |     1 |    10 |       ||    14
       Ration            |       |       |     3 |       ||     3
Armor: Scale mail        |     6 |       |       |       ||     6
       Chain mail        |    41 |   110 |   186 |     1 ||   338
Dodge: Dodged            |    36 |    32 |    78 |       ||   146
Block: Shield            |    50 |    76 |   205 |     1 ||   332

Table legend:
 A = Non-vault XP
 B = Vault XP
 C = Vault XP percentage of total XP
 D = Non-vault monster count
 E = Vault monster count
 F = Vault count percentage of total count
                 A         B        C        D         E       F
            +---------+---------+-------+---------+---------+-------
      Total |    3028 |    1620 |  34.9 |     119 |      81 |  40.5
            +---------+---------+-------+---------+---------+-------
        D:1 |      28 |       0 |   0.0 |      12 |       0 |   0.0
        D:2 |      19 |       0 |   0.0 |       6 |       0 |   0.0
        D:3 |      30 |       0 |   0.0 |      13 |       0 |   0.0
        D:4 |     497 |     377 |  43.1 |      20 |       2 |   9.1
        D:5 |     594 |       4 |   0.7 |      16 |       2 |  11.1
        D:6 |     171 |     680 |  79.9 |       9 |       3 |  25.0
        D:7 |    1176 |       0 |   0.0 |      27 |       0 |   0.0
        D:8 |     513 |     269 |  34.4 |      16 |      10 |  38.5
    Ossuary |       0 |     290 | 100.0 |       0 |      64 | 100.0
            +---------+---------+-------+---------+---------+-------
